 Dungeon Crawl Stone Soup version 0.19-a0-1292-g796ee4d (webtiles) character file.

9 jacquesderrida the Skirmisher (level 2, -9/16 HPs)
             Began as a Vine Stalker Wanderer on Aug 30, 2016.
             Mangled by Sigmund
             ... wielding a +0 scythe
              (10 damage)
             ... on level 2 of the Dungeon.
             The game lasted 00:00:44 (159 turns).

jacquesderrida the Skirmisher (VSWn)                 Turns: 159, Time: 00:00:45

Health: -9/16      AC:  2    Str: 13    XL:     2   Next: 12%
Magic:  0/4        EV: 10    Int: 10    God:
Gold:   26         SH:  4    Dex: 16    Spells: 0 memorised, 3 levels left

rFire  x . .     SeeInvis .     a - +2 dagger
rCold  + . .     Gourm    .     e - +0 robe
rNeg   . . .     Faith    .     d - +0 buckler
rPois  .         Spirit   +     (no helmet)
rElec  .         Dismiss  .     (no cloak)
rCorr  .         Reflect  .     (no gloves)
MR     .....     Harm     .     (no boots)
Stlth  ++........               (no amulet)
                                k - ring of ice
                                g - ring of wizardry

@: no status effects
A: fangs 2, magic shield, antimagic bite, no device heal 3, rot immunity
a: no special abilities


You were on level 2 of the Dungeon.
You were not hungry.

You visited 1 branch of the dungeon, and saw 2 of its levels.

You collected 26 gold pieces.

Inventory:

Hand Weapons
 a - a +2 dagger (weapon)
 c - a +0 hand axe
Armour
 d - a +0 buckler (worn)
 e - a +0 robe (worn)
Jewellery
 g - a ring of wizardry (left hand)
 k - a ring of ice (right hand)
 l - an uncursed amulet of faith
Scrolls
 b - a scroll of fear
Potions
 i - a potion of degeneration {unknown}
 j - a potion of haste {unknown}
Comestibles
 f - a bread ration
 h - 2 beef jerkies


   Skills:
 + Level 3.2 Fighting
 - Level 1.0 Axes
 - Level 1.0 Armour
 - Level 1.2 Stealth
 - Level 1.0 Shields
 - Level 1.1 Spellcasting
   Level 2.0 Hexes


You had 3 spell levels left.
You didn't know any spells.

Dungeon Overview and Level Annotations

Branches:
Dungeon (2/15)

Altars:

Annotations:
D:2 Sigmund


Innate Abilities, Weirdness & Mutations

You have extremely sharp teeth.
When hurt, damage is shared between your health and your magic reserves.
Your bite disrupts and absorbs the magic of your enemies.
Potions and wands cannot restore your health.
You are immune to rotting.


Message History

No target in view!
Things that are here:
a club; a goblin corpse
Found 18 sling bullets.
Found a stone staircase leading up.
Sigmund the Dreaded comes into view.
He is wielding a scythe.
The helpless Sigmund fails to defend himself.
You hit Sigmund.
Sigmund is lightly wounded.
Sigmund gestures wildly while chanting.
Sigmund flickers and vanishes!
Deactivating autopickup; reactivate with Ctrl-A.
You closely miss something. Something hits you!
Ouch! That really hurt!
You hit something. Your bite misses something.
You hit something but do no damage. Something hits you.
* * * LOW HITPOINT WARNING * * *
You closely miss something. Something hits you!
Ouch! That really hurt!
You die...

#.#. #.#.#..## #.#.
#.#.#...
#.#.###.#.#.#########
.....................
......#.#.#..........
........)............
......#.#.#...######.
......#.#.#.......<#
#.#...#.#.##..##@#.#
....>.#.#.#(....{..#
#.#...#.#.#...##.#.#
#.#<..#.#.#...##.#.#
# #...#...#......#.#
##..# #..#####.#
..... ... .. #..###
#..#


There were no monsters in sight!

Vanquished Creatures
  A dart slug (D:1)
  A giant cockroach (D:1)
  3 goblins
  A rat (D:2)
6 creatures vanquished.

Notes
Turn   | Place    | Note
-------+----------+-------------------------------------------
     0 | D:1      | jacquesderrida the Vine Stalker Wanderer began the quest for the Orb.
     0 | D:1      | jacquesderrida set off with: a +2 dagger, a scroll of fear, a +0 hand axe, a +0 buckler, a +0 robe, a bread ration
     0 | D:1      | Reached XP level 1. HP: 11/11 MP: 3/3
    33 | D:1      | Reached skill level 3 in Fighting
   101 | D:1      | Reached XP level 2. HP: 15/16 MP: 4/4
   151 | D:2      | Noticed Sigmund
   159 | D:2      | Mangled by Sigmund

Vault maps used:
D:1:      dpeg_arrival_oval
D:2:      uniq_sigmund, uniq_natasha, uniq_crazy_yiuf_cottage

Skill      XL: |  1 |
---------------+----+-----
Fighting       | 3 |  3.2
Axes           | |  1.0
Armour         | |  1.0
Stealth        | |  1.2
Shields        | |  1.0
Spellcasting   | |  1.1
Hexes          | |  2.0

Action                   || total
-------------------------++-------
Melee: Dagger            ||    15
       Bite              ||     1
 Stab: Sleeping          ||     2
Dodge: Dodged            ||     4
Block: Buckler           ||     2
